 Dungeon Crawl Stone Soup version 0.31.0-11-ge490571c62 (webtiles) character file.

Game seed: 12726548440927388100

161 moscaloca the Chiller (level 5, -2/3 HPs)
             Began as a Draconian Ice Elementalist on Feb 4, 2024.
             Slain by a goblin
             ... wielding a +3 dagger
              (5 damage)
             ... on level 2 of the Dungeon.
             The game lasted 00:30:26 (1633 turns).

moscaloca the Chiller (Draconian Ice Elementalist)  Turns: 1633, Time: 00:30:26

Health: -2/3       AC:  5    Str: 11    XL:     5   Next: 18%
Magic:  8/8        EV: 12    Int: 17    God:
Gold:   106        SH:  0    Dex: 11    Spells: 4/8 levels left

rFire   . . .        j - +2 short sword (venom)
rCold   . . .        (no shield)
rNeg    . . .        (body armour unavailable)
rPois   .            (helmet restricted)
rElec   .            (no cloak)
rCorr   .            (no gloves)
SInv    +            (no boots)
Will    .....        r - amulet of regeneration
Stlth   ++           f - ring of see invisible
HPRegen 1.00/turn    (no ring)
MPRegen 0.11/turn

%: no passive effects
@: maw-form
A: devouring maw, reduced hp, AC +5, unfitting armour, cold-blooded
a: Begin Untransformation


You were on level 2 of the Dungeon.
You were a creature with a mouth for a stomach.
You visited 1 branch of the dungeon, and saw 2 of its levels.

You collected 106 gold pieces.

Inventory:

Hand Weapons
 g - a +0 dagger of venom
 j - a +2 short sword of venom (weapon)
Armour
 d - a +0 robe of positive energy
 l - a +0 robe
Jewellery
 f - a ring of see invisible (left hand)
 o - an amulet of the acrobat
 r - an amulet of regeneration (around neck)
Talismans
 b - a maw talisman (active)
Scrolls
 c - 2 scrolls of teleportation {unknown}
 e - a scroll of immolation {unknown}
 i - 4 scrolls of identify {unknown}
 q - a scroll of fear {unknown}
Potions
 a - a potion of magic
 h - 3 potions of heal wounds {unknown}
 k - a potion of resistance {unknown}
 m - a potion of curing {unknown}
 n - a potion of attraction {unknown}
 p - a potion of ambrosia {unknown}


   Skills:
 - Level 0.2 Fighting
 - Level 0.4 Short Blades
 - Level 0.1 Maces & Flails
 - Level 3.2 Dodging
 - Level 1.7 Stealth
 - Level 1.0 Unarmed Combat
 + Level 2.4 Spellcasting
 * Level 5.2 Ice Magic


You had 4 spell levels left.
You knew the following spells:

 Your Spells              Type           Power      Damage    Failure   Level
a - Freeze                Ice            76%        1d8       2%          1
b - Summon Ice Beast      Ice/Summ       10%        N/A       19%         3

Your spell library contained the following spells:

 Spells                   Type           Power      Damage    Failure   Level
 Frozen Ramparts          Ice            38%        1d6       6%          3
 Ozocubu's Armour         Ice            19%        N/A       6%          3
 Mephitic Cloud           Conj/Alch/Air  2%         N/A       50%         3
 Passwall                 Erth           2%         N/A       50%         3
 Leda's Liquefaction      Alch/Erth      1%         N/A       88%         4
 Petrify                  Alch/Erth      2%         N/A       88%         4
 Metabolic Englaciation   Hex/Ice        5%         N/A       87%         5
 Lee's Rapid Deconstruct  Erth           1%         3d4*      99%         5
 Conjure Ball Lightning   Conj/Air       1%         3x3d6     100%        6


Dungeon Overview and Level Annotations

Branches:
Dungeon (2/15)

Altars:

Shops:
D:1 :


Innate Abilities, Weirdness & Mutations

You are a creature with a mouth for a stomach.
Your midsection houses a second, enormous mouth.
Your maximum health is decreased, since you lack skill for your form.
Your plain brown scales are hard. (AC +5)
You cannot fit into any form of body armour.
You are cold-blooded and may be slowed by cold attacks.


Message History

a +0 short sword; a kobold corpse You start resting.
Your magical contamination has completely faded away.
You start resting.
HP restored.
You open the door.
There is an open door here.
There is an open door here.
There is an open door here.
There is a faded altar of an unknown god here.
There is an open door here.
There is an open door here.
Found a small steel amulet.
Found 6 stones.
r - an amulet of regeneration You start putting on your amulet.
You continue putting on your amulet of regeneration. x5
You finish putting on your amulet of regeneration.
The amulet throbs as it attunes itself to your uninjured body.
r - an amulet of regeneration (around neck)
You see here 6 stones.
A bat comes into view.
Found a stone staircase leading down.
The bat barely misses you.
You miss the bat. The bat hits you but does no damage. The bat hits you.
You hit the bat.
You kill the bat!
A goblin comes into view. It is wielding a +3 dagger.
The goblin shouts!
Hit: j) +2 short sword (venom)
Press: ? - help, Dir - move target
Okay, then.
A goblin is nearby!
You begin transforming.
You continue transforming. x3
You turn into a creature with a mouth for a stomach.
You hit the goblin.
The goblin is severely wounded.
The goblin hits you with a +3 dagger.
Ouch! That really hurt!
You die...

........#### .......
............ ........
...........# .........
...........' .........
...........####........
....... ...#...........
......g###.#.##........
#......W......(.#.......
######..................
#...###.#.##.#.......
...... #....##.#.......
...>... #.......#.......
............##..........
.......##...............
....... ##..##....#####.
#. #..........


You could see a goblin.

Vanquished Creatures
  A gnoll (D:1)
  3 ball pythons
  4 bats
  6 endoplasms
  7 hobgoblins
  14 jackals (D:1)
  3 kobolds
  7 frilled lizards (D:1)
  2 goblins (D:1)
  2 rats (D:1)
49 creatures vanquished.

Vanquished Creatures (collateral kills)
  A scorpion (D:2)
  2 gnolls (D:2)
  A bat (D:2)
  2 endoplasms
  2 goblins
  2 hobgoblins
  A kobold (D:1)
  A quokka (D:1)
12 creatures vanquished.

Grand Total: 61 creatures vanquished

Notes
Turn   | Place    | Note
-------+----------+-------------------------------------------
     0 | D:1      | moscaloca the Draconian Ice Elementalist began the quest
                  | for the Orb.
     0 | D:1      | Reached XP level 1. HP: 14/14 MP: 3/3
   133 | D:1      | Reached XP level 2. HP: 10/20 MP: 0/5
   211 | D:1      | Got the Catalogue of Breccia and Breath
   331 | D:1      | Found Eqionadghe's Book Emporium.
   338 | D:1      | Reached skill level 1 in Unarmed Combat
   519 | D:1      | Reached XP level 3. HP: 17/26 MP: 1/6
   593 | D:1      | Learned a level 3 spell: Summon Ice Beast
  1305 | D:2      | Noticed a scorpion
  1317 | D:2      | Killed a scorpion
  1318 | D:2      | Reached XP level 4. HP: 33/33 MP: 4/7
  1362 | D:1      | Reached skill level 5 in Ice Magic
  1396 | D:2      | Reached XP level 5. HP: 32/38 MP: 3/8
  1513 | D:2      | Found a faded altar of an unknown god.
  1633 | D:2      | Slain by a goblin

Illustrated notes

Levels and vault maps discovered:
D:1:      dpeg_arrival_fog, layout_basic, serial_shops, shop,
          minmay_tromino_mix6
D:2:      layout_basic, shapermc_ecumenical_altar_ellora, minmay_split_cup_small

Skill      XL: |  1  2  3  4 |
---------------+-------------+-----
Dodging        | 2 3 |  3.2
Unarmed Combat | 1 |  1.0
Ice Magic      | 5 |  5.2
Fighting       | |  0.2
Short Blades   | |  0.4
Maces & Flails | |  0.1
Stealth        | |  1.7
Spellcasting   | |  2.4

Action                     |  1- 3 |  4- 6 || total
---------------------------+-------+-------++-------
  Melee: Unarmed           |    25 |       ||    25
         Tailslap          |     5 |       ||     5
         Punch             |     1 |       ||     1
         Short sword       |    11 |    16 ||    27
         Mace              |     1 |       ||     1
   Cast: Freeze            |    49 |     6 ||    55
         Summon Ice Beast  |     5 |     2 ||     7
 Armour: Skin              |    60 |    21 ||    81
  Dodge: Dodged            |    56 |    16 ||    72
   Form: Maw               |       |     1 ||     1
